 Dungeon Crawl Stone Soup version 0.27.1-3-gb3d3a73c9e (webtiles) character file.

Game seed: 1329869141123373194

403 Eitelfritz the Gusty (level 6, -4/33 HPs)
             Began as a Tengu Air Elementalist on Oct 11, 2021.
             Slain by a black bear (10 damage)
             ... on level 5 of the Dungeon.
             The game lasted 00:16:43 (5284 turns).

Eitelfritz the Gusty (Tengu Air Elementalist)       Turns: 5284, Time: 00:16:43

Health: -4/33      AC:  3    Str:  9    XL:     6   Next: 86%
Magic:  7/12       EV: 15    Int: 16    God:
Gold:   174        SH:  0    Dex: 21    Spells: 2/11 levels left

rFire    . . .     SeeInvis .   a - +0 trident (vamp)
rCold    . . .     Faith    .   (no shield)
rNeg     . . .     Spirit   .   c - +0 leather armour
rPois    +         Reflect  .   (helmet restricted)
rElec    .         Harm     .   (no cloak)
rCorr    .         Rampage  .   (no gloves)
Will     .....                  (boots unavailable)
Stlth    ++........             (no amulet)
HPRegen  0.11/turn              g - +6 ring of dexterity
MPRegen  0.13/turn              i - ring of poison resistance

@: flying quickly and evasively, quick
A: beak, talons 3, nimble flight
a: no special abilities


You were on level 5 of the Dungeon.
You visited 1 branch of the dungeon, and saw 5 of its levels.

You collected 174 gold pieces.

Inventory:

Hand Weapons
 a - a +0 vampiric trident (weapon)
Missiles
 k - 8 javelins
Armour
 c - a +0 leather armour (worn)
 d - a +0 robe
Jewellery
 g - a +6 ring of dexterity (left hand)
 i - a ring of poison resistance (right hand)
Scrolls
 f - a scroll of fear
Potions
 b - a potion of brilliance {unknown}
 e - a potion of curing
 h - 2 potions of resistance
 m - a potion of haste {unknown}
 n - a potion of might {unknown}
 o - 2 potions of heal wounds
 p - a potion of flight {unknown}
 q - 2 potions of mutation
 r - a potion of attraction {unknown}


   Skills:
 + Level 0.7 Fighting
 + Level 1.3 Polearms
 + Level 2.3 Armour
 + Level 2.8 Dodging
 + Level 2.8 Stealth
 + Level 3.3 Spellcasting
 + Level 3.9 Conjurations
 + Level 6.0 Air Magic


You had 2 spell levels left.
You knew the following spells:

 Your Spells              Type           Power      Damage    Failure   Level
a - Shock                 Conj/Air       72%        1d7       3%          1
b - Static Discharge      Conj/Air       18%        N/A       4%          2
c - Swiftness             Air            22%        N/A       6%          3
d - Freeze                Ice            8%         1d3       24%         1
e - Blink                 Tloc           N/A        N/A       36%         2

Your spell library contained the following spells:

 Spells                   Type           Power      Damage    Failure   Level
 Airstrike                Air            11%        N/A       21%         4
 Lesser Beckoning         Tloc           1%         N/A       58%         3
 Manifold Assault         Tloc           2%         N/A       100%        5


Dungeon Overview and Level Annotations

Branches:
Dungeon (5/15)
 Temple: D:4-7

Altars:
Cheibriados
Elyvilon
Nemelex Xobeh

Annotations:
D:5 Pikel


Innate Abilities, Weirdness & Mutations

You have a beak for a mouth.
You have claws for feet.
Your magical nature lets you fly swiftly and evasively.


Message History

The gnoll hits you with a +0 flail! The gnoll barely misses you.
Casting: Shock (safe; 3% risk of failure)
Confirm with . or Enter, or press ? or * to list all spells.
Aiming: Shock (safe; 3% risk of failure)
Press: ? - help, Shift-Dir - straight line, f/p - black bear
Aim: a black bear (heavily wounded, 79% to hit)
The zap hits the gnoll.
You kill the gnoll!
The zap hits the gnoll.
The gnoll is severely wounded.
The zap hits the black bear.
The black bear is severely wounded.
Casting: Shock (safe; 3% risk of failure)
Confirm with . or Enter, or press ? or * to list all spells.
Aiming: Shock (safe; 3% risk of failure)
Press: ? - help, Shift-Dir - straight line, f/p - black bear
Aim: a black bear (severely wounded, 79% to hit)
The zap hits the gnoll.
You kill the gnoll!
The zap hits the black bear.
The black bear is severely wounded.
The black bear goes berserk!
Your Air Magic skill increases to level 6!
Casting: Shock (safe; 3% risk of failure)
Confirm with . or Enter, or press ? or * to list all spells.
Aiming: Shock (safe; 3% risk of failure)
Press: ? - help, Shift-Dir - straight line, f/p - black bear
Aim: a black bear (severely wounded, berserk, 79% to hit)
The zap hits the black bear.
The black bear is severely wounded.
Unknown command.
The black bear barely misses you. The black bear closely misses you.
The black bear barely misses you. The black bear bites you!
The black bear claws you.
* * * LOW HITPOINT WARNING * * *
The black bear claws you.
* * * LOW HITPOINT WARNING * * *
The black bear bites you!
You die...

##>## #.....$##...... ####
#######..###...# #...
#...##..............#.....
#.......<).#####....)....
#
####...##.............)..
.
#..(..##..............##.
##.....#.....#.....#.....
##.........##....##.....
##.....@h...#.#..# .)...
#.....##.#....######....
##....######.....#.#....
##..h#######.....(...#.
##...##..###....)...##
#....#....##.........#
#......))....(.......##
#..##..###.............
#####...##.........#...


You could see a black bear (berserk).

Vanquished Creatures
  An ogre (D:5)
  A jelly (D:5)
  Terence (D:3)
  Ijyb (D:4)
  An orc wizard (D:4)
  An iguana (D:4)
  7 gnolls
  An adder (D:2)
  6 worms
  3 dart slugs
  5 orcs
  11 ball pythons
  6 endoplasms
  2 giant cockroaches (D:1)
  6 goblins
  10 hobgoblins
  7 jackals
  8 kobolds
  3 quokkas
  2 bats
  3 frilled lizards
  2 rats
88 creatures vanquished.

Vanquished Creatures (others)
  2 fungi (D:1)
  2 plants (D:1)
4 creatures vanquished.

Grand Total: 92 creatures vanquished

Notes
Turn   | Place    | Note
-------+----------+-------------------------------------------
     0 | D:1      | Eitelfritz the Tengu Air Elementalist began the quest for
                  | the Orb.
     0 | D:1      | Reached XP level 1. HP: 10/10 MP: 4/4
   273 | D:1      | Reached XP level 2. HP: 15/15 MP: 3/6
   879 | D:1      | Found a faded altar of an unknown god.
   884 | D:1      | Got Plato's Handbook of the Glacier
   935 | D:1      | Learned a level 2 spell: Static Discharge
   978 | D:1      | Reached XP level 3. HP: 1/19 MP: 2/7
   982 | D:1      | Learned a level 3 spell: Swiftness
  1428 | D:2      | Reached skill level 5 in Air Magic
  2041 | D:2      | Reached XP level 4. HP: 24/24 MP: 2/8
  2482 | D:3      | Reached skill level 1 in Armour
  2710 | D:3      | Noticed Terence
  2947 | D:3      | Found a sparkling altar of Nemelex Xobeh.
  3149 | D:3      | Found a snail-covered altar of Cheibriados.
  3182 | D:3      | Killed Terence
  3183 | D:3      | Gained mutation: Your magical nature lets you fly swiftly
                  | and evasively. [Tengu growth]
  3183 | D:3      | Reached XP level 5. HP: 28/28 MP: 1/10
  3189 | D:3      | Learned a level 1 spell: Freeze
  3662 | D:4      | Noticed Ijyb
  3669 | D:4      | Paralysed by Ijyb for 5 turns
  3691 | D:4      | Killed Ijyb
  3943 | D:4      | Learned a level 2 spell: Blink
  4135 | D:4      | Found a white marble altar of Elyvilon.
  4879 | D:4      | Reached XP level 6. HP: 30/33 MP: 5/11
  4880 | D:4      | Reached skill level 1 in Polearms
  4980 | D:5      | Entered Level 5 of the Dungeon
  4986 | D:5      | Noticed Pikel
  5164 | D:5      | Noticed a black bear
  5273 | D:5      | Reached skill level 6 in Air Magic
  5284 | D:5      | Slain by a black bear

Illustrated notes

Levels and vault maps discovered:
D:1:      dpeg_arrival_erosion, layout_loops_cross,
          shapermc_ecumenical_altar_rom_forum, minmay_bisected
D:2:      layout_basic
D:3:      layout_basic, mainiacjoe_overflow_brackets,
          lemuel_coloured_pillars_altar, serial_curves, eino_curves_03,
          eino_curves_04, uniq_terence
D:4:      layout_basic, elyvilon_altar_3, uniq_ijyb
D:5:      layout_cave_pools, nicolae_overflow_hidden_temple,
          amcnicky_altar_gilded, uniq_crazy_yiuf_cottage, uniq_pikel

Skill      XL: |  1  2  3  4  5  6 |
---------------+-------------------+-----
Air Magic      | 5 6 |  6.0
Conjurations   | 2 3 |  3.9
Armour         | 1 2 |  2.3
Spellcasting   | 3 |  3.3
Polearms       | 1 |  1.3
Fighting       | |  0.7
Dodging        | |  2.8
Stealth        | |  2.8

Action                   |  1- 3 |  4- 6 || total
-------------------------+-------+-------++-------
Melee: Unarmed           |    20 |       ||    20
       Peck              |     7 |    11 ||    18
       Kick              |     7 |    17 ||    24
       Spear             |    24 |    17 ||    41
       Trident           |       |    33 ||    33
 Cast: Shock             |    80 |   119 ||   199
  Use: Scroll            |       |     9 ||     9
Armor: Leather armour    |     6 |     5 ||    11
Dodge: Dodged            |    32 |    35 ||    67
